AoeStats
← 老板

Fortress

507261324Analyzed
4v4 RM · 16d ago on Sep 17, 2026· 40m 15s· 8 players
Game mode
Random Map
Map size
Huge
Population
200
Speed
Normal
Resources
Standard
Victory
Conquest
Starting age
Dark Age
Ending age
Imperial Age
RankedLock teamsTeams togetherTeam positionsShared explorationLock speedFull tech treeHidden civsTurbo modeCheats
Victory
Defeat
🇨🇳 Italians · China
1133
+10
🇨🇳 Persians · China
1118
+11
🇨🇳 Shu · China
1031
+20
🇨🇳 Romans · China
1014
+16
🇨🇿 Cumans · Czechia
1028
-14
🇹🇼 Malians · Taiwan
1002
-13
🇧🇪 Franks · Belgium
991
-12
🇹🇷 Burgundians · Türkiye
977
-12
Bc. .
5:39 Feudal Age
6:30 Man-at-Arms
11:47 Forging
14:19 Horse Collar
15:24 Scale Mail Armor
21:37 Castle Age
22:52 Heavy Plow
24:15 Double-Bit Axe
26:54 Wheelbarrow
26:07 Loom
26:15 Town Watch
26:44 Squires
28:18 Long Swordsman
29:40 Iron Casting
29:44 Squires
32:14 Chain Mail Armor
35:15 Capped Ram
交保候傳
8:11 Feudal Age
6:27 Loom
14:42 Castle Age
12:57 Double-Bit Axe
12:58 Horse Collar
15:44 Bow Saw
15:40 Heavy Plow
17:36 Gold Mining
19:06 Tigui
19:24 Forging
19:14 Scale Mail Armor
21:20 Wheelbarrow
24:04 Gold Shaft Mining
24:37 Ballistics
23:57 Treadmill Crane
25:18 Chain Mail Armor
25:24 Tigui
25:29 Stone Mining
26:45 Hand Cart
26:43 Town Watch
28:07 Stone Shaft Mining
27:59 Town Patrol
29:15 Iron Casting
30:08 Squires
29:29 Pikeman
29:54 Arson
33:33 Imperial Age
33:17 Treadmill Crane
33:48 Fortified Wall
35:20 Conscription
34:24 Elite Gbeto
36:22 Plate Mail Armor
36:55 Chemistry
35:51 Murder Holes
sonsehzadee
1:43 Loom
9:38 Feudal Age
9:35 Double-Bit Axe
9:34 Horse Collar
9:48 Gold Mining
13:14 Heavy Plow
16:25 Castle Age
15:22 Caravan
16:02 Gold Shaft Mining
22:18 Wheelbarrow
27:46 Imperial Age
25:47 Hand Cart
30:39 Chemistry
31:20 Husbandry
30:41 Cavalier
BacchusThor
6:57 Feudal Age
12:52 Castle Age
11:27 Stone Mining
11:54 Loom
14:45 Fletching
17:24 Bodkin Arrow
17:29 Padded Archer Armor
17:12 Elite Skirmisher
20:06 Wheelbarrow
22:37 Hand Cart
22:08 Town Watch
25:09 Leather Archer Armor
老板
7:40 Feudal Age
12:37 Castle Age
14:07 Horse Collar
14:16 Double-Bit Axe
17:52 Wheelbarrow
19:36 Horse Collar
21:24 Stone Mining
22:55 Bow Saw
23:10 Heavy Plow
23:22 Pikeman
24:05 Squires
24:56 Gold Mining
30:40 Imperial Age
28:26 Hand Cart
28:34 Hand Cart
28:27 Coiled Serpent Array
28:39 Scale Mail Armor
28:32 Fletching
30:13 Gold Shaft Mining
30:55 Halberdier
31:23 Arson
32:27 Conscription
31:34 Capped Ram
32:28 Siege Ram
34:21 Elite White Feather Guard
39:37 Forging
39:43 Chain Mail Armor
39:24 Bodkin Arrow
39:29 Padded Archer Armor
摸着天杜迁
9:19 Feudal Age
13:13 Castle Age
11:00 Double-Bit Axe
10:58 Horse Collar
15:46 Loom
17:17 Scale Mail Armor
26:39 Wheelbarrow
27:58 Heavy Plow
28:48 Bow Saw
29:31 Hand Cart
29:13 Gold Mining
30:54 Caravan
33:29 Imperial Age
31:02 Town Watch
31:27 Stone Mining
32:54 Town Patrol
35:37 Gold Shaft Mining
36:24 Two-Man Saw
35:57 Crop Rotation
35:14 Elite War Elephant
37:18 Stone Shaft Mining
39:01 Conscription
40:39 Hoardings
打虎将李忠
7:24 Feudal Age
11:32 Castle Age
10:08 Double-Bit Axe
10:36 Horse Collar
12:45 Bow Saw
18:15 Man-at-Arms
19:56 Wheelbarrow
19:18 Gold Mining
19:30 Stone Mining
21:54 Gold Shaft Mining
24:55 Hand Cart
24:50 Heavy Plow
25:35 Forging
25:52 Ballistics
26:55 Long Swordsman
27:59 Ballistas
31:48 Imperial Age
29:21 Murder Holes
30:28 Iron Casting
29:54 Scale Mail Armor
31:33 Loom
32:56 Comitatenses
32:51 Heavy Scorpion
34:12 Legionary
35:13 Chain Mail Armor
40:40 Crop Rotation
40:26 Siege Engineers
41:22 Chemistry
40:35 Masonry
神行太保戴宗
7:57 Feudal Age
9:34 Horse Collar
10:07 Double-Bit Axe
12:53 Castle Age
11:28 Gold Mining
14:34 Fletching
18:44 Bodkin Arrow
19:46 Wheelbarrow
24:53 Imperial Age
24:41 Scale Mail Armor
24:52 Forging
25:24 Bow Saw
26:26 Squires
26:13 Arson
27:38 Conscription
29:21 Hand Cart
29:42 Chain Mail Armor
30:22 Loom
32:12 Plate Mail Armor
34:23 Iron Casting
33:51 Bracer
35:10 Stone Mining
35:11 Elite Genoese Crossbowman
37:25 Blast Furnace
36:30 Padded Archer Armor
39:55 Two-Man Saw
40:13 Heavy Plow
41:28 Stone Shaft Mining
Connection lost

Rejoining the realm…

Still unreachable

The connection could not be restored.

Session expired

The server has moved on; the page needs a fresh start.